 Dungeon Crawl Stone Soup version 0.27.1-34-g3ba077fa99 (webtiles) character file.

Game seed: 2149273550824981907

1579723 Sharkman1231 the Apostle (level 27, 240/273 HPs)
             Began as a Hill Orc Delver on Jan 25, 2022.
             Was a High Priest of Beogh.
             Escaped with the Orb
             ... and 3 runes on Jan 27, 2022!
             The game lasted 01:45:19 (82105 turns).

Sharkman1231 the Apostle (Hill Orc Delver)         Turns: 82105, Time: 01:45:19

Health: 240/273    AC: 46    Str: 24    XL:     27
Magic:  40/40      EV: 21    Int: 10    God:    Beogh [*****.]
Gold:   2720       SH: 27    Dex: 20    Spells: 26/26 levels left

rFire    + + +     SeeInvis +   a - +4 broad axe (spect)
rCold    + . .     Faith    .   u - +3 kite shield {AC+3}
rNeg     . . .     Spirit   .   w - +10 storm dragon scales {Bai Suzhen}
rPois    +         Reflect  +   T - +2 helmet {SInv}
rElec    +         Harm     .   O - scarf {rC+ rF+}
rCorr    .         Rampage  .   A - +3 pair of gauntlets of War {Slay+5}
Will     +++..                  S - +2 pair of boots
Stlth    +.........             h - amulet of reflection
HPRegen  0.55/turn              d - ring "Jeruruem" {rPois rF+ Str+4 Stlth+}
MPRegen  0.27/turn              m - ring of Modesty {Fly rF++ Will+ Dex+2}

@: flying, studying Ice Magic
A: walk on water, talons 1, large bone plates 1, see invisible, clumsy 1,
electricity resistance, inhibited regeneration, MP-powered wands
0: Orb of Zot
}: 3/15 runes: decaying, silver, gossamer
a: Renounce Religion, Smiting, Recall Orcish Followers, Give Item to Named
Follower


You escaped.
You worshipped Beogh.
Beogh was extremely pleased with you.
You visited 9 branches of the dungeon, and saw 47 of its levels.
You visited the Abyss 2 times.
You visited 1 bazaar.
You also visited: Gauntlet, Ice Cave, Wizlab and Desolation.

You collected 8532 gold pieces.
You spent 5812 gold pieces at shops.

Inventory:

Hand Weapons
 a - a +4 spectral broad axe (weapon)
 b - the +12 war axe of Loicies {drain, rPois Dex+2}
   (You took it off a minotaur in a Gauntlet)

   A truly terrible weapon, it drains the life of any living foe it strikes.
   Dex:       It affects your dexterity (+2).
   rPois:     It protects you from poison.
 s - the +9 war axe of Impatience {vorpal, rElec Str+3}
   (You found it on level 6 of the Dungeon)

   It inflicts extra damage upon your enemies.
   Str:       It affects your strength (+3).
   rElec:     It insulates you from electricity.
Missiles
 G - 2 throwing nets (quivered)
Armour
 u - a +3 kite shield of protection (worn)
 w - +10 storm dragon scales (worn) {Bai Suzhen}
 A - the +3 pair of gauntlets of War (worn) {Slay+5}
   (You found it in a Gauntlet)

   Slay:      It affects your accuracy & damage with ranged weapons and melee
   (+5).
 K - the +9 ring mail of Plasticity {rC+}
   (You found it on level 5 of the Lair of Beasts)

   rC:        It protects you from cold.
 O - a scarf of resistance (worn)
 S - a +2 pair of boots (worn)
 T - a +2 helmet of see invisible (worn)
Jewellery
 d - the ring "Jeruruem" (left hand) {rPois rF+ Str+4 Stlth+}
   (You acquired it on level 5 of the Realm of Zot)

   [ring of protection from fire]

   Str:       It affects your strength (+4).
   rF:        It protects you from fire.
   rPois:     It protects you from poison.
   Stlth:     It makes you more stealthy.
 h - an amulet of reflection (around neck)
 m - the ring of Modesty (right hand) {Fly rF++ Will+ Dex+2}
   (You found it on level 3 of the Depths)

   [ring of flight]

   Dex:       It affects your dexterity (+2).
   rF:        It greatly protects you from fire.
   Fly:       It grants you flight.
   Will:      It increases your willpower.
 t - the ring "Qaimion" {Fly rElec rF+ Will+}
   (You found it on level 3 of the Depths)

   [ring of flight]

   rF:        It protects you from fire.
   rElec:     It insulates you from electricity.
   Fly:       It grants you flight.
   Will:      It increases your willpower.
 y - an amulet of magic regeneration
 E - a +4 ring of evasion
 W - the ring "Luferr" {rCorr Str+3}
   (You found it on level 14 of the Dungeon)

   [ring of resist corrosion]

   Str:       It affects your strength (+3).
   rCorr:     It protects you from acid and corrosion.
 X - a ring of magical power
 Z - a ring of poison resistance
Wands
 g - a wand of digging (12)
 p - a wand of iceblast (49)
 D - a wand of paralysis (11)
 I - a wand of acid (9)
 L - a wand of mindburst (26)
 M - a wand of polymorph (28)
 U - a wand of flame (93)
Scrolls
 c - 9 scrolls of fog
 e - 2 scrolls of vulnerability
 j - 2 scrolls of blinking
 k - 2 scrolls of immolation
 n - 6 scrolls of silence
 x - a scroll of amnesia
 F - 4 scrolls of teleportation
 H - 21 scrolls of identify
 R - 12 scrolls of fear
 V - 2 scrolls of summoning
Potions
 f - 6 potions of haste
 i - a potion of ambrosia
 l - 5 potions of might
 o - 3 potions of resistance
 q - 10 potions of flight
 r - 4 potions of invisibility
 v - 12 potions of curing
 z - 11 potions of magic
 B - 3 potions of mutation
 C - 7 potions of brilliance
 P - 4 potions of heal wounds
 Q - 12 potions of lignification
 Y - a potion of berserk rage
Miscellaneous
 N - a phantom mirror


   Skills:
 O Level 27 Fighting
 - Level 17.9(18.0) Axes
 - Level 1.3(10.4) Maces & Flails
 - Level 22.0 Armour
 + Level 20.2 Dodging
 - Level 7.0 Stealth
 - Level 15.0 Shields
 O Level 27 Invocations
 - Level 5.0 Evocations


You had 26 spell levels left.
You didn't know any spells.
Your spell library contained the following spells:

 Spells                   Type           Power      Damage    Failure   Level
 Apportation              Tloc           0%         N/A       75%         1
 Beastly Appendage        Tmut           0%         N/A       75%         1
 Magic Dart               Conj           0%         1d3       75%         1
 Sandblast                Erth           0%         2d4       75%         1
 Shock                    Conj/Air       0%         1d3       75%         1
 Sting                    Tmut/Pois      0%         1d3       75%         1
 Summon Small Mammal      Summ           0%         N/A       75%         1
 Call Imp                 Summ           0%         N/A       86%         2
 Corpse Rot               Necr/Air       N/A        N/A       86%         2
 Ensorcelled Hibernation  Hex/Ice        0%         N/A       86%         2
 Passwall                 Tmut/Erth      0%         N/A       86%         2
 Poisonous Vapours        Pois/Air       0%         N/A       86%         2
 Searing Ray              Conj           0%         3d3       86%         2
 Static Discharge         Conj/Air       0%         N/A       86%         2
 Sublimation of Blood     Necr           0%         N/A       86%         2
 Wereblood                Tmut           0%         N/A       86%         2
 Call Canine Familiar     Summ           0%         N/A       98%         3
 Dazzling Flash           Conj/Hex       0%         N/A       98%         3
 Frozen Ramparts          Ice            0%         1d2       98%         3
 Ignite Poison            Fire/Tmut/Pois 0%         N/A       98%         3
 Inner Flame              Hex/Fire       0%         N/A       98%         3
 Mephitic Cloud           Conj/Pois/Air  0%         N/A       98%         3
 Ozocubu's Armour         Ice            0%         N/A       98%         3
 Portal Projectile        Hex/Tloc       0%         N/A       98%         3
 Spider Form              Tmut/Pois      0%         N/A       98%         3
 Summon Guardian Golem    Hex/Summ       0%         N/A       98%         3
 Swiftness                Air            0%         N/A       98%         3
 Tukima's Dance           Hex            0%         N/A       98%         3
 Vampiric Draining        Necr           0%         2d6       98%         3
 Airstrike                Air            0%         N/A       100%        4
 Animate Armour           Summ/Erth      0%         N/A       100%        4
 Animate Dead             Necr           0%         N/A       100%        4
 Cause Fear               Hex            0%         N/A       100%        4
 Dispel Undead            Necr           0%         3d6       100%        4
 Fulminant Prism          Conj/Hex       0%         3d6       100%        4
 Ice Form                 Ice/Tmut       0%         N/A       100%        4
 Iskenderun's Mystic Bla  Conj/Tloc      0%         2d3       100%        4
 Leda's Liquefaction      Hex/Erth       0%         N/A       100%        4
 Olgreb's Toxic Radiance  Pois           0%         N/A       100%        4
 Passage of Golubria      Tloc           N/A        N/A       100%        4
 Sticky Flame             Conj/Fire      0%         2d3       100%        4
 Summon Ice Beast         Ice/Summ       0%         N/A       100%        4
 Summon Lightning Spire   Summ/Air       0%         N/A       100%        4
 Alistair's Intoxication  Tmut/Pois      0%         N/A       100%        5
 Bolt of Magma            Conj/Fire/Erth 0%         4d4       100%        5
 Borgnjor's Vile Clutch   Necr/Erth      0%         N/A       100%        5
 Freezing Cloud           Conj/Ice/Air   0%         6-21      100%        5
 Lee's Rapid Deconstruct  Erth           0%         3d5*      100%        5
 Yara's Violent Unravell  Hex/Tmut       0%         3d3       100%        5
 Death Channel            Necr           0%         N/A       100%        6
 Dispersal                Tloc           0%         N/A       100%        6
 Eringya's Noxious Bog    Tmut/Pois      0%         N/A       100%        6
 Invisibility             Hex            0%         N/A       100%        6
 Shadow Creatures         Summ           N/A        N/A       100%        6
 Simulacrum               Ice/Necr       0%         N/A       100%        6
 Starburst                Conj/Fire      0%         6d3       100%        6
 Statue Form              Tmut/Erth      0%         N/A       100%        6
 Dragon Form              Tmut           0%         N/A       100%        7
 Haunt                    Necr/Summ      0%         N/A       100%        7
 Malign Gateway           Summ/Tloc      0%         N/A       100%        7
 Monstrous Menagerie      Summ           0%         N/A       100%        7
 Orb of Destruction       Conj           0%         N/A       100%        7
 Ozocubu's Refrigeration  Ice            0%         4d5       100%        7
 Spellforged Servitor     Conj/Summ      0%         N/A       100%        7
 Summon Hydra             Summ           0%         N/A       100%        7
 Borgnjor's Revivificati  Necr           0%         N/A       100%        8
 Discord                  Hex            0%         N/A       100%        8
 Ignition                 Fire           0%         3d3       100%        8
 Infestation              Necr           0%         N/A       100%        8
 Lehudib's Crystal Spear  Conj/Erth      0%         10d2      100%        8
 Maxwell's Capacitive Co  Air            0%         ∞         100%        8
 Necromutation            Tmut/Necr      0%         N/A       100%        8
 Death's Door             Necr           0%         N/A       100%        9
 Dragon's Call            Summ           0%         N/A       100%        9
 Polar Vortex             Ice            0%         N/A       100%        9


Dungeon Overview and Level Annotations

Branches:
Dungeon (15/15)            Temple (1/1) D:7            Lair (6/6) D:9
  Swamp (4/4) Lair:2       Spider (4/4) Lair:3        Slime (0/5) Lair:6
    Orc (2/2) D:9             Elf (0/3) Orc:2        Vaults (5/5) D:14
  Crypt (0/3) Vaults:3     Depths (5/5) D:15            Zot (5/5) Depths:5
  IceCv (visited)          WizLab (visited)         Desolation (visited)
Gauntlet (visited)

Altars:
Ashenzari
Cheibriados
Dithmenos
Elyvilon
Hepliaklqana
Kikubaaqudgha
Qazlal
Ru
Sif Muna
Trog
Uskayaw
Vehumet
Xom
Yredelemnul
Zin
The Shining One
Beogh
Jiyva

Shops:
D:3 [   D:4 :[(?   Orc:2 (([=   Depths:1 !   Depths:3 [

Portals:
Hell: Depths:1 Depths:2 Depths:3 Depths:4 Depths:5
Abyss: Depths:2 Depths:4 Depths:5
Pandemonium: Depths:2 Depths:3
Ziggurat: Depths:1

Annotations:
Depths:3 Urug


Innate Abilities, Weirdness & Mutations

You can walk on water.
You have sharp toenails.
You are partially covered in large bone plates. (SH +4)
You have supernaturally acute eyesight. (SInv)
You are clumsy. (Dex -2)
You are resistant to electric shocks. (rElec)
You do not regenerate when monsters are visible.
You expend magic power (3 MP) to strengthen your wands.


Message History

Beogh accepts your kill.
An Orb Guardian comes into view.
You can't go up here!
You barely miss the Orb Guardian.
Your +4 spectral broad axe hits the Orb Guardian!!
You barely miss the Orb Guardian.
The Orb Guardian is moderately wounded.
Your +4 spectral broad axe hits the Orb Guardian!
You block the Orb Guardian's attack.
You hit the Orb Guardian.
The Orb Guardian is heavily wounded.
Your +4 spectral broad axe hits the Orb Guardian.
You block the Orb Guardian's attack.
You slice the Orb Guardian!!
The Orb Guardian is severely wounded.
Your +4 spectral broad axe closely misses the Orb Guardian.
The Orb Guardian misses you.
You slash the Orb Guardian!
The Orb Guardian is almost dead.
Your +4 spectral broad axe barely misses the Orb Guardian.
You block the Orb Guardian's attack.
Unknown command.
You hit the Orb Guardian.
You kill the Orb Guardian!
Beogh accepts your kill.
No target in view!
There is an escape hatch in the ceiling here.
A mysterious force pulls you upwards. The hatch slams shut behind you.
A large abomination comes into view.
You can't go up here!
There is a stone staircase leading up here.
You fly upwards.
There is a stone staircase leading down here.
There is a stone staircase leading up here.
You fly upwards.
There is a stone staircase leading down here.
There is an open door here.
There is an open door here.
There is a staircase leading out of the dungeon here.
You have escaped!

######## #.# #.# #.# #.##
#####'## #.#. #......# #.#.
##......# #.#. #.....).# #.#.
#####.####'## #.## ###...#.# #.#
#... #.'.@.'.####.########
#############.#...##............>
...[..........######.###.###.####
############..######.........#
#....#.....#.......+.....#####
#'##...###......##.#.....#
...##### ##.....##.#..^..# ...#
#.....##.#.....# ...#
#.....##.......#


There were no monsters in sight!

Vanquished Creatures
  8 dread liches (Zot:5)
  3 orbs of fire (Zot:5)
  7 ancient liches
  2 juggernauts (Depths:4)
  Bai Suzhen (Vaults:3)
  2 Killer Klowns (Zot:5)
  A curse toe (Zot:4)
  Saint Roka (Depths:3)
  3 caustic shrikes
  Xtahua (Vaults:4)
  6 golden dragons
  Nikola (Swamp:1)
  A bone dragon (Depths:5)
  the Enchantress (Depths:2)
  2 electric golems (Zot:5)
  2 hellephants (Depths:2)
  11 tentacled monstrosities
  Jorgrun (D:13)
  27 Orb Guardians
  A Hell Sentinel (D:6)
  10 quicksilver dragons
  4 liches
  Asterion (Vaults:1)
  4 titans
  An Executioner (D:6)
  4 death cobs
  8 tengu reavers
  The ghost of Xeut the Brawler, an adept TrMo of Nemelex Xobeh (Depths:3)
  The ghost of Renzlar the Basher, an adept GnFi of Okawaru (Swamp:1)
  A tentacled starspawn (Abyss:3)
  Donald (Vaults:3)
  A sphinx (Depths:4)
  2 fenstrider witches
  Roxanne (Swamp:3)
  17 storm dragons
  3 shadow dragons
  2 draconian monks (Zot:3)
  9 fire giants
  2 deep elf sorcerers
  5 frost giants
  3 draconian knights
  3 draconian scorchers
  13 vault wardens
  7 ghost moths
  2 imperial myrmidons (Desolation)
  A balrug (D:7)
  5 orc warlords
  2 iron dragons
  An emperor scorpion (Spider:4)
  A ghost moth (shapeshifter) (Vaults:5)
  3 spriggan defenders (Depths:2)
  2 cacodemons
  A draconian stormcaller (Zot:5)
  5 draconian annihilators
  22 ironbound preservers
  25 very ugly things
  The ghost of xfalz the Thaumaturge, a journeyman GnSk of Ashenzari (Swamp:2)
  18 stone giants
  2 war gargoyles
  5 starcursed masses (Abyss:3)
  A deep elf annihilator (Vaults:5)
  7 vampire knights
  A lorocyproca (Depths:2)
  Azrael (D:15)
  5 black draconians
  6 purple draconians
  5 red draconians
  6 dire elephants
  3 entropy weavers
  5 green draconians
  A spark wasp (shapeshifter) (Depths:4)
  5 bunyips
  A deep elf demonologist (Vaults:5)
  9 white draconians
  2 halazid warlocks (Desolation)
  8 spark wasps
  A minotaur (Gauntlet)
  6 eleionomae
  2 yellow draconians
  2 deep elf death magi (Vaults:5)
  A green death (Abyss:3)
  15 ettins
  7 crystal guardians
  An eleionoma (shapeshifter) (Depths:4)
  2 merfolk impalers (Depths:5)
  11 fire dragons
  A merfolk javelineer (Depths:1)
  Josephine (D:13)
  Fannar (Orc:1)
  2 jiangshi (Depths:1)
  9 ironbound thunderhulks
  8 great orbs of eyes
  6 peacekeepers
  6 yaktaur captains
  6 ragged hierophants (Desolation)
  10 servants of whispers
  A boulder beetle (D:13)
  5 spriggan air magi
  Erica (D:8)
  5 ogre magi
  A catoblepas (D:15)
  29 vault guards
  An anaconda (shapeshifter) (Vaults:5)
  7 rakshasas
  15 hydras
  9 ice dragons
  3 ghost crabs (Swamp:2)
  A two-headed ogre (shapeshifter) (Vaults:5)
  A death knight (D:14)
  9 deep troll earth magi
  14 two-headed ogres
  6 centaur warriors
  3 dancing weapons
  4 deep troll shamans
  12 ironbound frosthearts
  4 vampire magi
  2 death scarabs (Gauntlet)
  9 hell hogs (Depths:2)
  4 tengu warriors
  13 death yaks
  6 thrashing horrors (Abyss:3)
  8 alligators
  6 ironbound beastmasters
  An orc high priest (Orc:2)
  4 spriggan berserkers (Depths:2)
  5 hell knights (Depths:5)
  Nergalle (D:10)
  8 iron trolls
  A shadow wraith (Abyss:3)
  4 skeletal warriors (D:13)
  A spectral death yak (Gauntlet)
  A sixfirhy (D:11)
  A fire crab (Swamp:4)
  2 death drakes (Swamp:3)
  65 deep trolls
  2 spriggan druids (Swamp:1)
  8 goliath frogs
  A torturous demonspawn (Depths:2)
  9 swamp dragons
  2 flayed ghosts
  A cherub (D:11)
  A deep troll (shapeshifter) (Depths:2)
  6 bog bodies
  21 ironbound convokers
  5 harpies (Vaults:3)
  5 glowing orange brains
  2 spectral hydras
  23 orc knights
  An orange crystal statue (Depths:2)
  6 necromancers
  7 wizards
  4 lindwurms
  6 phantasmal warriors
  4 deep elf pyromancers
  15 orb spiders
  24 wolf spiders
  27 ugly things
  5 cyclopes
  2 will-o-the-wisps
  A faun (shapeshifter) (Depths:4)
  20 moths of wrath
  3 elephants
  3 worldbinders (Abyss:3)
  Maurice (Orc:1)
  2 guardian serpents (Desolation)
  An ice statue (IceCv)
  Joseph (D:8)
  2 black mambas (Lair:4)
  2 rust devils
  15 vault sentinels
  A gargoyle (D:12)
  A naga mage (D:15)
  4 orange demons
  3 smoke demons
  A minotaur zombie (Gauntlet)
  4 cane toads
  Maggie (D:8)
  4 unseen horrors
  Psyche (D:9)
  4 komodo dragons
  4 tengu conjurers
  3 freezing wraiths
  26 yaktaurs
  4 hellwings (D:6)
  A komodo dragon (shapeshifter) (D:14)
  2 efreet
  4 red devils
  3 tormentors
  15 demonic crawlers
  A human skeleton (Vaults:2)
  2 ice devils (D:11)
  19 jumping spiders
  A spectral death drake (Swamp:2)
  3 ancient zymes (Abyss:3)
  13 polar bears
  11 trolls
  11 tyrant leeches
  14 hornets
  A sphinx simulacrum (Vaults:2)
  Prince Ribbit (D:8)
  19 slime creatures
  65 saltlings
  3 raiju (Abyss:3)
  20 blink frogs
  A shadow (D:12)
  36 redbacks
  15 spriggans
  4 ynoxinuls
  3 spriggans (shapeshifter)
  17 tarantellas
  A tarantella (shapeshifter) (Depths:2)
  9 water elementals
  8 wraiths
  73 yaks
  A spectral fire crab (Gauntlet)
  4 wyverns
  3 humans (D:11)
  5 basilisks
  8 large abominations
  6 fire elementals
  3 hogs (Spider:3)
  2 steam dragons (Swamp:4)
  2 neqoxecs
  An emperor scorpion simulacrum (Abyss:3)
  11 vampire mosquitoes
  Menkaure (D:6)
  5 wargs
  18 swamp worms
  5 chaos spawn
  An acid dragon (D:13)
  A spectral cane toad (Gauntlet)
  Duvessa (D:7)
  6 hell hounds
  12 small abominations
  A hydra simulacrum (Swamp:2)
  14 water moccasins
  2 floating eyes (Depths:3)
  13 orc warriors
  3 necrophages
  9 swamp drakes
  2 sky beasts
  8 boggarts
  5 black bears
  19 ogres
  38 wolves
  9 centaurs
  A kobold brigand (D:9)
  A bullfrog (shapeshifter) (Vaults:5)
  2 gnoll sergeants
  18 bullfrogs
  6 scorpions
  A water moccasin zombie (D:6)
  Dowan (D:7)
  7 killer bees
  4 wights (D:9)
  2 electric eels (D:13)
  3 howler monkeys
  4 centaur zombies
  13 orc priests
  2 jellies
  A gnoll shaman (D:7)
  3 hounds
  3 centaur skeletons
  2 iguanas
  9 orc wizards
  12 gnolls
  6 adders
  A shadow imp (D:6)
  4 white imps
  An ufetubus (D:5)
  An adder skeleton (D:4)
  5 worms
  6 dart slugs
  53 orcs
  3 endoplasms (D:1)
  2 giant cockroaches
  6 goblins
  10 hobgoblins
  7 jackals
  4 quokkas
  5 ball pythons
  7 bats
  2 frilled lizards (D:2)
  16 kobolds
  5 rats
1852 creatures vanquished.

Vanquished Creatures (collateral kills)
  A juggernaut (Depths:3)
  2 caustic shrikes (Depths:4)
  2 golden dragons (Zot:4)
  Arachne (Spider:2)
  An electric golem (Zot:3)
  3 Orb Guardians
  A lich (Depths:5)
  2 quicksilver dragons
  2 sphinxes
  Kirke (Spider:3)
  5 storm dragons
  2 shadow dragons
  A draconian monk (Zot:4)
  A fire giant (Depths:4)
  2 draconian knights
  3 draconian shifters
  2 iron dragons
  3 orc warlords
  2 vault wardens (Vaults:5)
  Aizul (Spider:1)
  A draconian annihilator (Zot:2)
  5 emperor scorpions
  A draconian scorcher (Depths:5)
  A draconian stormcaller (Zot:4)
  4 stone giants
  An ironbound preserver (Vaults:5)
  A war gargoyle (Vaults:5)
  7 very ugly things
  A green draconian (Zot:4)
  4 black draconians
  2 red draconians
  3 spark wasps
  3 entropy weavers
  2 yellow draconians
  2 deep elf annihilators
  2 white draconians
  An eleionoma (Swamp:1)
  3 ettins (Depths:3)
  3 fire dragons
  A ragged hierophant (Desolation)
  3 servants of whispers (Desolation)
  A deep elf high priest (Depths:4)
  2 ice dragons (Depths:3)
  2 peacekeepers (Desolation)
  3 boulder beetles
  10 hydras
  2 two-headed ogres
  A tengu warrior (Depths:3)
  2 death yaks
  4 deep troll shamans
  2 deep troll earth magi
  2 hell knights (Depths:5)
  A spriggan berserker (Depths:5)
  Sonja (Lair:1)
  A skeletal warrior (D:13)
  4 deep trolls
  An ironbound convoker (Vaults:5)
  12 orc knights (Vaults:5)
  A phantasmal warrior (Vaults:5)
  3 ugly things
  12 wolf spiders
  7 orb spiders
  4 moths of wrath
  4 elephants
  A manticore (D:12)
  A rust devil (Depths:3)
  2 vault sentinels (Vaults:5)
  A torpor snail (Lair:5)
  2 cane toads
  A kobold demonologist (D:10)
  12 demonic crawlers
  18 jumping spiders
  A troll (D:12)
  6 hornets
  5 saltlings (Desolation)
  2 slime creatures (Vaults:4)
  8 blink frogs
  5 water elementals (Depths:5)
  A centaur simulacrum (D:15)
  30 redbacks
  2 wyverns
  2 hogs
  5 spriggans (Lair:6)
  2 wraiths
  8 tarantellas
  18 yaks
  2 humans (D:11)
  A large abomination (D:15)
  2 wargs
  5 water moccasins
  4 orc warriors
  A black bear (Lair:6)
  2 ogres
  A wolf (Lair:6)
  2 centaurs
  A small abomination (Depths:5)
  A bullfrog (Lair:5)
  2 killer bees (D:10)
  A hound (D:11)
  An orc priest (Orc:1)
  3 orc wizards
  4 orcs
  2 kobolds
  A starspawn tentacle (Abyss:3)
340 creatures vanquished.

Vanquished Creatures (others)
  Urug (Depths:3)
  A fire giant (Depths:2)
  5 orc warlords
  2 draconian knights (Zot:3)
  4 orc high priests
  9 orc knights
  2 orc sorcerers
  An ironbound frostheart (IceCv)
  A deep troll earth mage (Depths:5)
  A bog body (Swamp:2)
  2 swamp dragons (Swamp:4)
  A wizard (Depths:2)
  A necromancer (Depths:5)
  A moth of wrath (Zot:3)
  A rime drake (IceCv)
  3 bloated husks
  A saltling (Desolation)
  A human (Spider:3)
  A yak (IceCv)
  A steam dragon (Swamp:4)
  A swamp worm (Swamp:4)
  2 swamp drakes (Swamp:4)
  20 orc warriors
  A wolf (IceCv)
  38 orcs
  33 orc priests
  15 orc wizards
  6 foxfires
  37 fungi
  45 plants
  3 starspawn tentacles (Abyss:3)
241 creatures vanquished.

Grand Total: 2433 creatures vanquished

Notes
Turn   | Place    | Note
-------+----------+-------------------------------------------
     0 | D:5      | Sharkman1231 the Hill Orc Delver began the quest for the
                  | Orb.
     0 | D:5      | Reached XP level 1. HP: 19/19 MP: 1/1
     2 | D:5      | Found a radiant altar of Vehumet.
    76 | D:4      | Found Doun's Armour Boutique.
    76 | D:4      | Found Otsifry's Magic Scroll Boutique.
    80 | D:4      | Found Lumogonu's Book Boutique.
    80 | D:4      | Found Elisim's Weapon Boutique.
   230 | D:3      | Found a white marble altar of Elyvilon.
   248 | D:3      | Reached skill level 1 in Maces & Flails
   248 | D:3      | Reached XP level 2. HP: 27/27 MP: 2/2
   385 | D:3      | Found a shadowy altar of Dithmenos.
   678 | D:3      | Reached XP level 3. HP: 14/33 MP: 3/3
   897 | D:3      | Found Lohuaz's Armour Shop.
  1747 | D:1      | Found a faded altar of an unknown god.
  1886 | D:2      | Reached XP level 4. HP: 39/40 MP: 4/4
  2172 | D:2      | You fall into a shaft and drop 1 floor!
  3086 | D:2      | Reached XP level 5. HP: 47/47 MP: 5/5
  3634 | D:4      | Noticed a black bear
  3648 | D:4      | Killed a black bear
  3649 | D:4      | Reached skill level 5 in Axes
  3649 | D:4      | Reached skill level 1 in Armour
  3839 | D:4      | Found an ancient bone altar of Kikubaaqudgha.
  4129 | D:4      | Found an ancient bone altar of Kikubaaqudgha.
  4285 | D:4      | Reached XP level 6. HP: 55/55 MP: 6/6
  4388 | D:5      | Noticed a necrophage
  4388 | D:5      | Noticed a necrophage
  4388 | D:5      | Found a sacrificial altar of Ru.
  4434 | D:5      | Killed a necrophage
  4435 | D:5      | Reached skill level 5 in Fighting
  4439 | D:5      | Killed a necrophage
  4541 | D:5      | Reached XP level 7. HP: 33/61 MP: 7/7
  5380 | D:5      | Found a stormy altar of Qazlal.
  5670 | D:6      | Noticed Menkaure
  5699 | D:6      | Killed Menkaure
  5909 | D:6      | Noticed a two-headed ogre
  5977 | D:6      | Noticed a yak
  5978 | D:6      | Noticed a yak
  5978 | D:6      | Noticed a yak
  5979 | D:6      | Noticed a yak
  6280 | D:6      | Reached XP level 8. HP: 65/70 MP: 8/8
  6474 | D:6      | Identified the +9 war axe of Impatience {vorpal, rElec
                  | Str+3}
  6553 | D:6      | Found a bloodstained altar of Trog.
  6690 | D:5      | Killed a yak
  6782 | D:6      | Killed a yak
  6785 | D:6      | Killed a yak
  6786 | D:6      | Reached XP level 9. HP: 46/79 MP: 9/9
  6949 | D:6      | Reached skill level 5 in Armour
  7139 | D:6      | Reached skill level 10 in Axes
  7290 | D:7      | Noticed Duvessa
  7290 | D:7      | Noticed Dowan
  7310 | D:7      | Killed Duvessa
  7313 | D:7      | Killed Dowan
  7436 | D:7      | Reached skill level 5 in Dodging
  7438 | D:7      | Became a worshipper of Beogh the Brigand
  7537 | D:7      | Reached skill level 1 in Invocations
  7788 | D:7      | Found a staircase to the Ecumenical Temple.
  7916 | D:7      | Found a shimmering altar of Xom.
  8216 | D:8      | Noticed Erica
  8258 | Temple   | Entered the Ecumenical Temple
  8307 | D:8      | Reached XP level 10. HP: 61/88 MP: 11/11
  8584 | D:8      | Killed Erica
  8712 | D:8      | Noticed a two-headed ogre
  8717 | D:8      | Killed a two-headed ogre
  8738 | D:8      | Noticed Maggie
  8785 | D:8      | Killed Maggie
  8835 | D:8      | Noticed Joseph
  8841 | D:8      | Killed Joseph
  8944 | D:8      | Noticed Prince Ribbit
  8956 | D:8      | Killed Prince Ribbit
  8974 | D:8      | Reached * piety under Beogh
  9193 | D:8      | Found a broken altar of Ashenzari.
  9457 | D:9      | Noticed Psyche
  9466 | D:9      | Killed Psyche
  9467 | D:9      | Reached skill level 5 in Invocations
  9685 | D:9      | Reached XP level 11. HP: 70/97 MP: 14/14
  9979 | D:9      | Reached ** piety under Beogh
 10113 | D:9      | Found a roughly hewn altar of Beogh.
 10116 | D:9      | Found a staircase to the Orcish Mines.
 10286 | D:9      | Found a staircase to the Lair.
 10548 | D:9      | Noticed a two-headed ogre
 10588 | D:9      | Killed a two-headed ogre
 11580 | Orc:1    | Entered Level 1 of the Orcish Mines
 11580 | Orc:1    | Noticed Fannar
 11770 | Orc:1    | Killed Fannar
 11771 | Orc:1    | Reached skill level 10 in Fighting
 11866 | Orc:2    | Entered Level 2 of the Orcish Mines
 11879 | Orc:1    | Reached skill level 1 in Evocations
 11888 | Orc:2    | Noticed a two-headed ogre
 11896 | Orc:1    | Reached *** piety under Beogh
 12020 | Orc:2    | Noticed a two-headed ogre
 12023 | Orc:2    | Noticed a two-headed ogre
 12023 | Orc:2    | Noticed a cyclops
 12028 | Orc:2    | Killed a two-headed ogre
 12033 | Orc:2    | Found Zoollam's Antique Weapon Shoppe.
 12033 | Orc:2    | Found Ohy Zuuf's Armour Shoppe.
 12033 | Orc:2    | Found Kial's Jewellery Shop.
 12033 | Orc:2    | Noticed a two-headed ogre
 12033 | Orc:2    | Noticed an ogre mage
 12033 | Orc:2    | Noticed a two-headed ogre
 12033 | Orc:2    | Noticed a deep troll
 12033 | Orc:2    | Noticed a two-headed ogre
 12033 | Orc:2    | Noticed a cyclops
 12033 | Orc:2    | Noticed a two-headed ogre
 12033 | Orc:2    | Noticed a deep troll
 12033 | Orc:2    | Noticed an ogre mage
 12033 | Orc:2    | Noticed a two-headed ogre
 12034 | Orc:2    | Found a staircase to the Elven Halls.
 12109 | Orc:2    | HP: 5/100 [two-headed ogre (11)]
 12110 | Orc:2    | Killed a two-headed ogre
 12497 | Orc:2    | Killed a deep troll
 12498 | Orc:2    | Reached XP level 12. HP: 66/107 MP: 10/17
 12503 | Orc:2    | Killed a two-headed ogre
 12835 | Orc:2    | Killed a two-headed ogre
 12910 | Orc:2    | Paralysed by an ogre mage for 4 turns
 12915 | Orc:2    | Killed an ogre mage
 13084 | Orc:2    | Killed a two-headed ogre
 13092 | Orc:2    | Killed a two-headed ogre
 13093 | Orc:2    | Reached skill level 10 in Armour
 13260 | Orc:2    | Killed a two-headed ogre
 13261 | Orc:2    | Reached skill level 15 in Axes
 13704 | Orc:1    | Killed a two-headed ogre
 14524 | D:9      | Killed an ogre mage
 14682 | Orc:2    | Found Nuaxones's Antique Weapon Emporium.
 14691 | Orc:2    | Bought a fine battleaxe for 299 gold pieces
 14691 | Orc:2    | Identified the +8 battleaxe of Noam {venom, Str+7 Int+2}
                  | (You bought it in a shop on level 2 of the Orcish Mines)
 14936 | Orc:2    | Found a roughly hewn altar of Beogh.
 15078 | Orc:1    | Noticed an orc high priest
 15081 | Orc:1    | Noticed an orc warlord
 15083 | Orc:1    | Reached XP level 13. HP: 105/116 MP: 19/19
 15911 | Orc:2    | Found Ohy Zuuf's Armour Shoppe.
 15914 | Orc:2    | Found Kial's Jewellery Shop.
 15919 | Orc:2    | Found Nuaxones's Antique Weapon Emporium.
 16081 | Orc:2    | Found a staircase to the Elven Halls.
 16185 | Orc:2    | Found a roughly hewn altar of Beogh.
 16310 | Orc:2    | Reached **** piety under Beogh
 16312 | Orc:2    | Gained Garbold as an ally
 16370 | D:10     | Entered Level 10 of the Dungeon
 16584 | D:10     | Found a snail-covered altar of Cheibriados.
 16584 | D:10     | Found a hide-covered altar of Uskayaw.
 16592 | D:10     | Found a faded altar of an unknown god.
 16594 | D:10     | Found a faded altar of an unknown god.
 16596 | D:10     | Found a hazy altar of Hepliaklqana.
 16672 | D:10     | Noticed Nergalle
 16677 | D:10     | Killed Nergalle
 17133 | D:11     | Reached skill level 5 in Evocations
 17171 | D:11     | Found a frozen archway.
 17276 | IceCv    | Entered an ice cave
 17817 | IceCv    | Reached ***** piety under Beogh
 18119 | IceCv    | Reached skill level 10 in Invocations
 18512 | IceCv    | Reached XP level 14. HP: 54/126 MP: 21/21
 18735 | IceCv    | Got the Collected Works on the Entourage
 19692 | D:4      | Bought a scroll of teleportation for 36 gold pieces
 19692 | D:4      | Bought a scroll of vulnerability for 90 gold pieces
 19692 | D:4      | Bought a scroll of teleportation for 36 gold pieces
 19692 | D:4      | Bought a scroll of identify for 24 gold pieces
 19692 | D:4      | Bought a scroll of vulnerability for 90 gold pieces
 19692 | D:4      | Bought a scroll of fear for 42 gold pieces
 19696 | D:4      | Bought a +0 pair of boots for 49 gold pieces
 19696 | D:4      | Bought a +2 helmet of see invisible for 236 gold pieces
 19998 | D:12     | Reached skill level 1 in Shields
 20068 | D:12     | Found a gate leading to a gauntlet.
 20082 | Gauntlet | Entered a Gauntlet
 20082 | Gauntlet | Found a transporter.
 20082 | Gauntlet | Found a transporter.
 20105 | Gauntlet | Found a transporter.
 20109 | Gauntlet | Found a transporter.
 20119 | Gauntlet | Found the +3 pair of gauntlets of War {Slay+5}
 20121 | Gauntlet | Found a transporter.
 20149 | Gauntlet | Found a transporter.
 20156 | Gauntlet | Found a transporter.
 20187 | Gauntlet | Found a transporter.
 20198 | Gauntlet | Found a transporter.
 20215 | Gauntlet | Found a transporter.
 20223 | Gauntlet | Found a transporter.
 20240 | Gauntlet | Found a transporter.
 20878 | Gauntlet | Identified the +12 war axe of Loicies {drain, rPois Dex+2}
 22026 | D:13     | Noticed Josephine
 22034 | D:13     | Killed Josephine
 22494 | D:13     | Your ally Garbold died
 23398 | D:13     | Noticed Jorgrun
 23424 | D:13     | Killed Jorgrun
 23852 | D:14     | Identified the ring "Luferr" {rCorr Str+3}
 24766 | D:14     | Reached XP level 15. HP: 100/135 MP: 23/23
 24887 | D:14     | Gained Brandogh as an ally
 24910 | D:14     | Paralysed by an ogre mage for 6 turns
 25749 | D:14     | Found a gate to the Vaults.
 25873 | D:15     | Entered Level 15 of the Dungeon
 26035 | D:15     | Identified the +9 trident of Etugguhu {venom, rF+ rC+ Will-
                  | Int+4}
 26047 | D:15     | Identified the +7 trident of Optimality {vamp, Int+6}
 26080 | D:15     | Noticed Azrael
 26097 | D:15     | Killed Azrael
 26413 | D:15     | Your ally Brandogh died
 26423 | D:15     | Gained Hawl as an ally
 26637 | D:15     | Cast into level 3 of the Abyss (a wizard)
 26655 | Abyss:3  | Found a sacrificial altar of Ru.
 26734 | Abyss:3  | Noticed a tentacled monstrosity
 26834 | Abyss:3  | Noticed a tentacled starspawn
 26862 | D:15     | Escaped the Abyss
 26871 | D:15     | Reached skill level 10 in Dodging
 27237 | D:15     | Reached skill level 15 in Armour
 27238 | D:15     | Found a staircase to the Depths.
 27482 | Lair:1   | Entered Level 1 of the Lair of Beasts
 27580 | Lair:1   | Noticed Sonja
 27587 | Lair:1   | Killed Sonja
 28487 | Lair:2   | Found a staircase to the Swamp.
 29046 | Lair:2   | Reached ****** piety under Beogh
 29324 | Lair:3   | Found a hole to the Spider Nest.
 30107 | Spider:1 | Entered Level 1 of the Spider Nest
 30289 | Lair:4   | Reached XP level 16. HP: 105/147 MP: 18/27
 30607 | Lair:4   | Reached skill level 15 in Invocations
 30844 | Lair:4   | Reached skill level 15 in Fighting
 30951 | Lair:4   | Noticed Urug
 31870 | Lair:5   | Identified the +9 ring mail of Plasticity {rC+}
 32084 | Lair:5   | Identified the +1 scale mail of Ajibloc {rPois}
 32277 | Lair:6   | Entered Level 6 of the Lair of Beasts
 32394 | Lair:6   | Found a viscous altar of Jiyva.
 32395 | Lair:6   | Found a staircase to the Slime Pits.
 32847 | Lair:6   | Reached skill level 5 in Shields
 33174 | Lair:6   | Paralysed by a hornet for 1 turns
 33995 | Orc:1    | Noticed Maurice
 34020 | Orc:1    | Killed Maurice
 34247 | Orc:2    | Bought an amulet of reflection for 390 gold pieces
 34518 | Spider:1 | Noticed Aizul
 34531 | Spider:1 | Killed Aizul
 34799 | Spider:1 | Reached XP level 17. HP: 160/160 MP: 28/28
 34858 | Spider:1 | Reached skill level 10 in Shields
 35916 | Spider:3 | Noticed Kirke
 35916 | Spider:3 | Noticed Arachne
 35930 | Spider:2 | Killed Arachne
 36132 | Spider:3 | Killed Kirke
 36180 | Spider:3 | Gained Brunolf as an ally
 36192 | Spider:3 | Your ally Brunolf died
 36793 | Spider:4 | Entered Level 4 of the Spider Nest
 37224 | Spider:4 | Gained Hawl as an ally
 37228 | Spider:4 | Reached skill level 15 in Shields
 37230 | Spider:4 | Reached XP level 18. HP: 147/168 MP: 1/29
 37610 | Spider:4 | Gained Hawl as an ally
 37786 | Spider:4 | Got a gossamer rune of Zot
 37972 | Swamp:1  | Entered Level 1 of the Swamp
 38211 | Swamp:1  | Found a runed translucent door.
 38213 | Swamp:1  | Noticed Renzlar's ghost (adept GnFi)
 38245 | Swamp:1  | Killed Renzlar's ghost
 38544 | Swamp:1  | Noticed Nikola
 38560 | Swamp:1  | Killed Nikola
 39185 | Swamp:1  | Paralysed by a fenstrider witch for 4 turns
 39894 | Swamp:2  | Found a transporter.
 39900 | Swamp:2  | Noticed xfalz's ghost (journeyman GnSk)
 39903 | Swamp:2  | Found a transporter.
 40354 | Swamp:2  | Gained Alork as an ally
 40563 | Swamp:2  | Killed xfalz's ghost
 41227 | Swamp:3  | Noticed Roxanne
 41867 | Swamp:3  | Gained Horkud as an ally
 41991 | Swamp:3  | Reached XP level 19. HP: 174/174 MP: 31/31
 42148 | Swamp:3  | Killed Roxanne
 42296 | Swamp:4  | Entered Level 4 of the Swamp
 42424 | Swamp:4  | Gained Oruk as an ally
 42427 | Swamp:4  | Was placed under penance by Beogh
 42427 | Swamp:4  | Your ally Oruk died
 43630 | Swamp:4  | Got a decaying rune of Zot
 44141 | Vaults:1 | Entered Level 1 of the Vaults
 44258 | Vaults:1 | Was forgiven by Beogh
 44545 | Vaults:1 | Found a magical portal.
 44564 | WizLab   | Entered The Roulette of Golubria
 44564 | WizLab   | Found a transporter.
 45774 | Vaults:1 | Reached XP level 20. HP: 161/183 MP: 33/33
 45882 | Vaults:1 | Gained Bogwald as an ally
 45932 | Vaults:1 | Noticed Asterion
 45958 | Vaults:1 | Killed Asterion
 46638 | Vaults:1 | Your ally Bogwald died
 47443 | Vaults:2 | Gained Nordag as an ally
 49132 | Vaults:3 | Found a staircase to the Crypt.
 49132 | Vaults:3 | Found a basalt altar of Yredelemnul.
 49132 | Vaults:3 | Found an ancient bone altar of Kikubaaqudgha.
 49286 | Vaults:3 | Gained Wardok as an ally
 49582 | Vaults:3 | Noticed Bai Suzhen
 49595 | Vaults:3 | Your ally Wardok died
 49608 | Vaults:3 | Killed Bai Suzhen
 50115 | Vaults:3 | Noticed Donald
 50142 | Vaults:3 | Killed Donald
 50143 | Vaults:3 | Reached XP level 21. HP: 172/190 MP: 35/35
 51174 | Vaults:4 | Gained Garbold as an ally
 51177 | Vaults:4 | Your ally Garbold died
 51200 | Vaults:4 | Found a crumbling gateway.
 51204 | Desolati | Entered the Desolation of Salt
 51763 | Desolati | Identified the +8 flail of Gyfeumonn {distort, rPois rN+}
 51785 | Desolati | Cast into level 3 of the Abyss (imperial myrmidon)
 52302 | Abyss:3  | Found a transporter.
 52336 | Abyss:3  | Paralysed by accursed screaming for 1 turns
 52445 | Desolati | Escaped the Abyss
 52477 | Desolati | Gained Bogwald as an ally
 52498 | Desolati | Gained Borgoth as an ally
 52773 | Desolati | Got the Almanac of Feathery Shape Shifting
 52786 | Desolati | Identified the ring of Mieclilouph {rF- AC+4 Int+5}
 52788 | Desolati | Got the Volume of Unholy Translocation
 52890 | Desolati | Your ally Borgoth died
 52929 | Desolati | Got Raruf's Collected Works on the Mountains and Feathers
 52936 | Desolati | Identified the +9 hand crossbow of Eternal Harmony {venom,
                  | rN+ rCorr Str+2}
 52937 | Desolati | Identified the +0 scale mail of Fyitwuajask {Regen+ Int+2}
 53305 | Desolati | Your ally Bogwald died
 53354 | Desolati | Reached XP level 22. HP: 135/202 MP: 36/36
 53362 | Desolati | Gained Gorg as an ally
 53376 | Desolati | Gained Dorog as an ally
 53675 | Desolati | Got the Compendium of Dusty Curses
 54823 | Vaults:5 | Entered Level 5 of the Vaults
 54823 | Vaults:5 | Noticed Xtahua
 54832 | Vaults:5 | Gained Boghold as an ally
 54832 | Vaults:5 | Was placed under penance by Beogh
 54833 | Vaults:5 | Paralysed by Xtahua for 7 turns
 54840 | Vaults:5 | HP: 7/205 [cloud of flame (11)]
 55301 | Vaults:4 | Killed Xtahua
 55829 | Vaults:5 | Noticed an ancient lich
 55969 | Vaults:5 | Noticed a golden dragon
 55977 | Vaults:5 | Killed a golden dragon
 56297 | Vaults:5 | Noticed an ancient lich
 57802 | Vaults:5 | Was forgiven by Beogh
 57803 | Vaults:5 | Reached XP level 23. HP: 91/216 MP: 37/37
 57812 | Vaults:5 | Got a silver rune of Zot
 57825 | Vaults:5 | Killed an ancient lich
 57834 | Vaults:5 | Your ally Dorog died
 57893 | Vaults:5 | Your ally Nordag died
 58504 | Vaults:5 | Noticed a golden dragon
 58531 | Vaults:5 | Killed a golden dragon
 58764 | Vaults:5 | Killed an ancient lich
 59655 | Vaults:5 | Identified the +11 chain mail "Archai" {rF++}
 60437 | Depths:1 | Entered Level 1 of the Depths
 60578 | Depths:1 | Found Reoliacw's Distillery.
 60778 | Depths:1 | Bought a potion of curing for 57 gold pieces
 60778 | Depths:1 | Bought a potion of haste for 190 gold pieces
 60778 | Depths:1 | Bought a potion of resistance for 190 gold pieces
 60778 | Depths:1 | Bought a potion of might for 76 gold pieces
 60778 | Depths:1 | Bought a potion of might for 76 gold pieces
 60778 | Depths:1 | Bought a potion of lignification for 57 gold pieces
 60778 | Depths:1 | Bought a potion of mutation for 152 gold pieces
 60778 | Depths:1 | Bought a potion of invisibility for 152 gold pieces
 61268 | Depths:1 | Found a gateway to a ziggurat.
 61572 | Depths:1 | Found a gateway to Hell.
 61651 | Depths:1 | Found a glowing golden altar of the Shining One.
 61793 | Depths:2 | Found a flickering gateway to a bazaar.
 61869 | Bazaar   | Entered a bazaar
 62112 | Bazaar   | Found Nicoel's Antique Weapon Emporium.
 62124 | Bazaar   | Found Vedoosmo's Antique Weapon Shoppe.
 62139 | Bazaar   | Found Becan's Antique Armour Shoppe.
 62151 | Bazaar   | Found Feowirghy's Antique Armour Emporium.
 62662 | Depths:2 | Reached XP level 24. HP: 206/228 MP: 38/38
 63433 | Depths:2 | Found the +8 Vampire's Tooth {vamp}
 63734 | Depths:2 | Found a one-way gate leading to the halls of Pandemonium.
 63929 | Depths:2 | Noticed the Enchantress
 63984 | Depths:2 | Killed the Enchantress
 64614 | Depths:2 | Found a runed translucent door.
 64620 | Depths:2 | Found a runed translucent door.
 64776 | Depths:2 | Reached skill level 15 in Dodging
 65016 | Depths:2 | Found a one-way gate to the infinite horrors of the Abyss.
 65243 | Depths:3 | Found a transporter.
 65243 | Depths:3 | Noticed a caustic shrike
 65253 | Depths:3 | Found a transporter.
 65287 | Depths:3 | Found Eklaruko's Antique Armour Shop.
 65303 | Depths:3 | Bought a buzzing crystal plate armour for 3570 gold pieces
 65303 | Depths:3 | Identified the +12 crystal plate armour of the Dragon {Harm
                  | Regen+ SInv Stlth+} (You bought it in a shop on level 3 of
                  | the Depths)
 65492 | Depths:3 | Your ally Hawl died
 66064 | Depths:3 | Your ally Hawl died
 66096 | Depths:3 | Your ally died
 66111 | Depths:3 | Your ally Gorg died
 66166 | Depths:3 | Identified the +8 quarterstaff of the Owl {freeze, Str+6}
 66172 | Depths:3 | Your ally Horkud died
 66215 | Depths:3 | Your ally Hawl died
 66646 | Depths:3 | Your ally Alork died
 66676 | Depths:3 | Noticed a juggernaut
 66698 | Depths:3 | Killed a juggernaut
 67502 | Depths:3 | Identified the +1 pair of boots of Wonder {rF- Str+4 Dex+4}
 67502 | Depths:3 | Identified the +7 plate armour of Follow the Leader {rN+
                  | Regen+ Str+2 Int-2}
 67656 | Depths:3 | Found a hide-covered altar of Uskayaw.
 67659 | Depths:3 | Found a shimmering altar of Xom.
 67659 | Depths:3 | Found a glowing golden altar of the Shining One.
 67661 | Depths:3 | Found a glowing silver altar of Zin.
 67661 | Depths:3 | Found a shadowy altar of Dithmenos.
 67661 | Depths:3 | Found a glowing silver altar of Zin.
 67758 | Depths:3 | Noticed Saint Roka
 67772 | Depths:3 | Killed Saint Roka
 67773 | Depths:3 | Reached XP level 25. HP: 137/239 MP: 39/39
 68074 | Depths:3 | Noticed Xeut's ghost (adept TrMo)
 69088 | Depths:3 | Killed Xeut's ghost
 69093 | Depths:3 | Identified the ring of Modesty {Fly rF++ Will+ Dex+2}
 69096 | Depths:3 | Identified the ring "Qaimion" {Fly rElec rF+ Will+}
 69901 | Depths:4 | Noticed a juggernaut
 69906 | Depths:4 | Gained Arkwar as an ally
 69910 | Depths:4 | Killed a juggernaut
 69948 | Depths:4 | Your ally Arkwar died
 70451 | Depths:4 | Identified the +7 flail "Panwot Kone" {protect, Dex+2}
 70650 | Depths:4 | Noticed a juggernaut
 70662 | Depths:4 | Killed a juggernaut
 71001 | Depths:5 | Entered Level 5 of the Depths
 71072 | Depths:5 | Reached skill level 27 in Invocations
 71221 | Depths:5 | Reached skill level 5 in Stealth
 71527 | Depths:5 | Found a gate to the Realm of Zot.
 71533 | Zot:1    | Entered Level 1 of the Realm of Zot
 71674 | Zot:3    | Reached XP level 26. HP: 180/248 MP: 40/40
 73310 | Zot:5    | Entered Level 5 of the Realm of Zot
 73673 | Zot:5    | Gained Okrist as an ally
 74072 | Zot:5    | Noticed a dread lich
 74076 | Zot:5    | Killed a dread lich
 74488 | Zot:5    | Identified a scroll of acquirement
 74496 | Zot:5    | Acquired the ring "Jeruruem" {rPois rF+ Str+4 Stlth+}
 74957 | Zot:5    | Your ally Okrist died
 74958 | Zot:5    | Noticed a dread lich
 74963 | Zot:5    | Noticed a Killer Klown
 74963 | Zot:5    | Noticed an ancient lich
 74963 | Zot:5    | Noticed an orb of fire
 74967 | Zot:5    | Noticed a dread lich
 74970 | Zot:5    | Killed an ancient lich
 74974 | Zot:5    | Killed an orb of fire
 74976 | Zot:5    | Noticed an ancient lich
 74982 | Zot:5    | Killed an ancient lich
 74984 | Zot:5    | Noticed an ancient lich
 74988 | Zot:5    | Killed a dread lich
 74992 | Zot:5    | Killed a dread lich
 74993 | Zot:5    | Reached XP level 27. HP: 98/262 MP: 19/40
 74996 | Zot:5    | Killed an ancient lich
 75550 | Zot:5    | Noticed a dread lich
 75566 | Zot:5    | Killed a dread lich
 75812 | Zot:5    | Noticed a dread lich
 75812 | Zot:5    | Noticed a dread lich
 75825 | Zot:5    | Noticed an orb of fire
 75826 | Zot:5    | Killed a dread lich
 75831 | Zot:5    | Killed a dread lich
 75832 | Zot:5    | Gained mutation: Your spells are a little easier to cast,
                  | but a little less powerful. [an orb of fire]
 75835 | Zot:5    | Gained mutation: You are frail. (-10% HP) [an orb of fire]
 75840 | Zot:5    | Gained mutation: Your body sometimes deteriorates upon
                  | taking damage. [an orb of fire]
 75842 | Zot:5    | Gained mutation: Your magical capacity is low. (-10% MP)
                  | [an orb of fire]
 75851 | Zot:5    | Gained mutation: You tend to lose your temper in combat.
                  | [an orb of fire]
 75856 | Zot:5    | Killed an orb of fire
 75859 | Zot:5    | Lost mutation: You tend to lose your temper in combat.
                  | [potion of mutation]
 75859 | Zot:5    | Lost mutation: You are frail. (-10% HP) [potion of
                  | mutation]
 75859 | Zot:5    | Gained mutation: You evolve. [potion of mutation]
 75859 | Zot:5    | Gained mutation: You are dopey. (Int -2) [potion of
                  | mutation]
 75859 | Zot:5    | Gained mutation: You do not regenerate when monsters are
                  | visible. [potion of mutation]
 75860 | Zot:5    | Lost mutation: Your spells are a little easier to cast, but
                  | a little less powerful. [potion of mutation]
 75860 | Zot:5    | Lost mutation: You evolve. [potion of mutation]
 75860 | Zot:5    | Lost mutation: You do not regenerate when monsters are
                  | visible. [potion of mutation]
 75860 | Zot:5    | Gained mutation: Your body often deteriorates upon taking
                  | damage. [potion of mutation]
 75860 | Zot:5    | Gained mutation: You are somewhat resistant to further
                  | mutation. [potion of mutation]
 75860 | Zot:5    | Gained mutation: Your magical capacity is very low. (-20%
                  | MP) [potion of mutation]
 75860 | Zot:5    | Gained mutation: You have a pair of small horns on your
                  | head. [potion of mutation]
 75861 | Zot:5    | Lost mutation: You are somewhat resistant to further
                  | mutation. [potion of mutation]
 75861 | Zot:5    | Lost mutation: You are dopey. (Int -2) [potion of mutation]
 75861 | Zot:5    | Gained mutation: You are frail. (-10% HP) [potion of
                  | mutation]
 75861 | Zot:5    | Gained mutation: You expend magic power (3 MP) to
                  | strengthen your wands. [potion of mutation]
 75862 | Zot:5    | Lost mutation: You expend magic power (3 MP) to strengthen
                  | your wands. [potion of mutation]
 75862 | Zot:5    | Lost mutation: You are frail. (-10% HP) [potion of
                  | mutation]
 75862 | Zot:5    | Gained mutation: You have sharp toenails. [potion of
                  | mutation]
 75862 | Zot:5    | Gained mutation: You have supernaturally acute eyesight.
                  | (SInv) [potion of mutation]
 75862 | Zot:5    | Gained mutation: You are resistant to electric shocks.
                  | (rElec) [potion of mutation]
 75863 | Zot:5    | Lost mutation: Your magical capacity is very low. (-20% MP)
                  | [potion of mutation]
 75863 | Zot:5    | Lost mutation: Your magical capacity is low. (-10% MP)
                  | [potion of mutation]
 75863 | Zot:5    | Lost mutation: You have a pair of small horns on your head.
                  | [potion of mutation]
 75863 | Zot:5    | Gained mutation: Your magical capacity is low. (-10% MP)
                  | [potion of mutation]
 75863 | Zot:5    | Gained mutation: You have a pair of small antennae on your
                  | head. [potion of mutation]
 75864 | Zot:5    | Lost mutation: Your magical capacity is low. (-10% MP)
                  | [potion of mutation]
 75864 | Zot:5    | Lost mutation: Your body often deteriorates upon taking
                  | damage. [potion of mutation]
 75864 | Zot:5    | Lost mutation: You have a pair of small antennae on your
                  | head. [potion of mutation]
 75864 | Zot:5    | Gained mutation: Your spells are a little easier to cast,
                  | but a little less powerful. [potion of mutation]
 75864 | Zot:5    | Gained mutation: Your body often deteriorates upon taking
                  | damage. [potion of mutation]
 75864 | Zot:5    | Gained mutation: You are agile. (Dex +2) [potion of
                  | mutation]
 75922 | Zot:5    | Noticed a dread lich
 75924 | Zot:5    | Killed a dread lich
 76145 | Zot:5    | Noticed an ancient lich
 76161 | Zot:5    | Killed an ancient lich
 76162 | Zot:5    | Reached skill level 27 in Fighting
 76248 | Zot:5    | Noticed an orb of fire
 76253 | Zot:5    | Gained mutation: You are frail. (-10% HP) [an orb of fire]
 76254 | Zot:5    | Killed an orb of fire
 76255 | Zot:5    | Lost mutation: You are agile. (Dex +2) [potion of mutation]
 76255 | Zot:5    | Lost mutation: You are frail. (-10% HP) [potion of
                  | mutation]
 76255 | Zot:5    | Gained mutation: You expend magic power (3 MP) to
                  | strengthen your wands. [potion of mutation]
 76255 | Zot:5    | Gained mutation: Potions are less effective at restoring
                  | your health. [potion of mutation]
 76255 | Zot:5    | Gained mutation: You have a pair of small horns on your
                  | head. [potion of mutation]
 76256 | Zot:5    | Lost mutation: Your body often deteriorates upon taking
                  | damage. [potion of mutation]
 76256 | Zot:5    | Lost mutation: Your spells are a little easier to cast, but
                  | a little less powerful. [potion of mutation]
 76256 | Zot:5    | Lost mutation: Potions are less effective at restoring your
                  | health. [potion of mutation]
 76256 | Zot:5    | Gained mutation: Your body often deteriorates upon taking
                  | damage. [potion of mutation]
 76256 | Zot:5    | Gained mutation: Your mind is acute. (Int +2) [potion of
                  | mutation]
 76257 | Zot:5    | Lost mutation: Your body often deteriorates upon taking
                  | damage. [potion of mutation]
 76257 | Zot:5    | Lost mutation: You have a pair of small horns on your head.
                  | [potion of mutation]
 76257 | Zot:5    | Lost mutation: Your body sometimes deteriorates upon taking
                  | damage. [potion of mutation]
 76257 | Zot:5    | Gained mutation: You are clumsy. (Dex -2) [potion of
                  | mutation]
 76257 | Zot:5    | Gained mutation: You are partially covered in large bone
                  | plates. (SH +4) [potion of mutation]
 76324 | Zot:5    | Noticed an ancient lich
 76333 | Zot:5    | Noticed a dread lich
 76342 | Zot:5    | Killed an ancient lich
 76563 | Zot:5    | Killed a dread lich
 80489 | Zot:1    | Acquired 639 gold pieces
 81021 | Depths:5 | Found a shimmering blue altar of Sif Muna.
 81317 | Zot:5    | Got the Orb of Zot
 81439 | Depths:5 | Lost mutation: Your mind is acute. (Int +2) [a neqoxec]
 81617 | D:13     | Noticed an ancient lich
 81619 | D:13     | Noticed Siudisai the pandemonium lord
 81788 | D:8      | Noticed Othroavir the pandemonium lord
 81841 | D:8      | Gained mutation: You do not regenerate when monsters are
                  | visible. [a cacodemon]
 82105 | D:$      | Escaped with the Orb!

Illustrated notes

Levels and vault maps discovered:
D:1:      dpeg_arrival_tiny_h, layout_basic, chequers_ecumenical_altar_simple
D:2:      minmay_chambers_of_twos, layout_loops_ring, st_stairs_3
D:3:      layout_basic, general_overflow_altar, grunt_dithmenos_smoke,
          serial_shops, shop_fountains
D:4:      layout_cave_pools, kiku_gazebo_garden_becter, kennysheep_flooded_box,
          hex_medium, minmay_shop_grid_forest
D:5:      layout_cave_pools, nicolae_ru_awakened_eye, fiery_altar_vehumet,
          mainiacjoe_overflow_six_doors_small
D:6:      layout_basic, mainiacjoe_overflow_24_doors,
          nicolae_wu_jian_glorious_leap, minmay_misc_feat_nine_boxes,
          uniq_menkaure
D:7:      layout_loops_ring, mainiacjoe_overflow_cross_hatched, temple_doors_e,
          uniq_duvessa
D:8:      layout_gridville, marbit_many_paths, uniq_maggie, uniq_erica,
          uniq_joseph, uniq_prince_ribbit1
D:9:      layout_gridville, minmay_lair_entry_grove, david_orc_5, uniq_psyche
D:10:     layout_rooms, chequers_temple_overflow_minitemple,
          small_statue_intersection, uniq_nergalle
D:11:     erik_cavepeople, layout_basic, portal_ice_cave_demonic_guard
D:12:     layout_small_grid, gauntlet_entry_generic, corexii_checkpoint_a
D:13:     layout_basic, uniq_jorgrun, uniq_josephine
D:14:     layout_loops_cross, david_vaults_2, kennysheep_cross_room,
          bh_walls_and_bars
D:15:     grunt_enter_depths_magical_seal, layout_rooms,
          nicolae_twisting_strands, uniq_azrael
Temple:   pf_slime_end_temple
Lair:1:   layout_gridlike, lemuel_fruit_fields, uniq_sonja
Lair:2:   layout_cave_shapes, skrybe_swamp_entry_bodies, st_stairs_12,
          grunt_megastairs_4
Lair:3:   layout_regular_city, nicolae_spider_entry_orb_guardian,
          serial_bayou_pond_d, chequers_serial_rivers_micro_e
Lair:4:   layout_gridlike, grunt_megastairs_2, uniq_urug
Lair:5:   layout_long_grid, bobbens_ice_dragon_lair
Lair:6:   minmay_lair_end_enchanted_forest, layout_misc_corridors,
          slime_altar_1, grunt_forest_small_clearing_treed
Swamp:1:  nicolae_swamp_standing_stones, layout_basic_swamp,
          gammafunk_ghost_grave, evilmike_swamp_ruin_rubble_1, uniq_nikola
Swamp:2:  layout_basic_swamp, gammafunk_ghost_mausoleum,
          nicolae_swamp_stair_fork, swamp_pool1
Swamp:3:  layout_basic_swamp, nicolae_swamp_fairy_circle, swamp_pool1,
          ldierk_geyser, uniq_roxanne
Swamp:4:  swamp_fiery, layout_basic_swamp, swamp_pool1
Spider:1: layout_spider_delve, uniq_aizul
Spider:2: nicolae_spider_hilbert_zone_4 [nicolae_spider_hilbert_4_sides_2_open,
          nicolae_spider_hilbert_4_sides_1_open,
          nicolae_spider_hilbert_4_sides_1_open,
          nicolae_spider_hilbert_4_sides_1_open,
          nicolae_spider_hilbert_4_sides_1_open,
          nicolae_spider_hilbert_2_sides_1_open,
          nicolae_spider_hilbert_2_sides_1_open,
          nicolae_spider_hilbert_2_sides_1_open,
          nicolae_spider_hilbert_2_sides_1_open,
          nicolae_spider_hilbert_6_sides_1_open,
          nicolae_spider_hilbert_6_sides_1_open,
          nicolae_spider_hilbert_3_sides_1_open,
          nicolae_spider_hilbert_3_sides_1_open]
Spider:3: layout_spider_delve, nicolae_spider_shape, nicolae_spider_cling_halls,
          uniq_kirke, uniq_arachne
Spider:4: grunt_spider_rune_island
Orc:1:    layout_caves, uniq_maurice, uniq_fannar
Orc:2:    st_orc_open, layout_caves, minmay_orc_temple_a
Vaults:1: vaults_standard_mumra_x, v_misc_11, v_alt_pattern_3,
          nicolae_vaults_fighting_squares, nicolae_vaults_shelves_hall,
          v_pattern_4, vaults_room_large_hall, nicolae_vaults_little_squares_2,
          hangedman_vaults_locks, v_alt_pattern_6, nicolae_vaults_network_star,
          ontoclasm_vaults_idyll, vaults_room_pools,
          ontoclasm_vaults_loading_screen, ontoclasm_vaults_twist,
          layout_vaults_ring, infiniplex_enter_wizlab_water, uniq_asterion
Vaults:2: grunt_vaults_hallway_short, grunt_vaults_swirl,
          nicolae_vaults_puzzle_piece, ontoclasm_vaults_shuriken,
          vaults_mumra_hex, vaults_mumra_chevron_long,
          ontoclasm_vaults_loading_screen, v_pattern_1,
          nicolae_vaults_little_ls, layout_vaults_quadrants
Vaults:3: v_misc_13, minmay_crypt_entry_necro_gods, nicolae_vaults_shelves_hall,
          nicolae_vaults_disjoint_gnomons, hangedman_vaults_stretched_pinwheel,
          nicolae_vaults_circle_grid_b, layout_vaults_chaotic_city,
          uniq_bai_suzhen, uniq_donald, uniq_margery
Vaults:4: nicolae_vaults_mini_display_case, vaults_room_fancy_cross, v_misc_26,
          nicolae_vaults_asterisk, vaults_room_boxed,
          nicolae_vaults_little_squares_2, nicolae_vaults_ring_of_whatevers,
          v_misc_16, vaults_room_stairs_pillars, hangedman_vaults_stagger,
          v_alt_pattern_4, vaults_dpeg_encased_lava, layout_vaults_maze,
          portal_desolation_entry_salt
Vaults:5: uniq_xtahua
Depths:1: layout_cave_pools, enter_ziggurat_d, serial_shops,
          nicolae_shop_behind_doors, grunt_hell_entry_dis_old,
          amcnicky_mini_rare_corridor_liquid, serial_bayou_pond_b,
          tso_oasis_becter
Depths:2: thingy_vault_2, layout_basic, grunt_hell_horde,
          rand_demon_pan_entry_9, serial_shops, bzr_entry_gold, abyss_entry,
          minmay_guarded_unrand_vampires_tooth, infiniplex_staircase_diamond,
          uniq_enchantress
Depths:3: minmay_the_grid_4x2 [minmay_the_grid_fan, minmay_the_grid_dragon_b,
          minmay_the_grid_garden, minmay_the_grid_artifice,
          minmay_the_grid_odd_star, minmay_the_grid_gridbox,
          minmay_the_grid_paths, minmay_the_grid_prize_shrinking_boxes],
          layout_honeycomb, hell_entry, gammafunk_ghost_berserking_beasts,
          serial_shops, shop, doesnt_xom_only_xom, rand_demon_pan_entry_4,
          infiniplex_staircase_pillars_1, uniq_saint_roka
Depths:4: evilmike_diamond_2, layout_cave_pools, pf_coc_iceberg,
          minmay_misc_feat_chi, hangedman_abyss_entry_splay,
          small_chamber_with_monster
Depths:5: evilmike_zot_entry_diamond, layout_cave_pools, minmay_room_of_horrors,
          led_sif_pool, hell_entry, serial_bayou_shore_b
Zot:1:    layout_misc_corridors
Zot:2:    layout_concentric_octagons
Zot:3:    layout_basic
Zot:4:    layout_twisted_circle
Zot:5:    layout_onion

Skill      XL: |  1  2  3  4  5  6  7  8  9 10 11 12 13 14 15 16 17 18 19 20 21 22 23 24 25 26 27 |
---------------+----------------------------------------------------------------------------------+-----
Maces & Flails | 1 |  1.3
Axes           | 3 4 5 6 7 9 11 12 14 15 17 | 17.9
Fighting       | 4 5 6 7 8 9 10 11 12 13 14 16 18 20 21 22 24 27 | 27.0
Dodging        | 2 3 4 5 6 7 8 9 10 11 13 14 15 17 20 | 20.2
Armour         | 1 2 3 4 6 7 9 10 12 13 15 17 19 20 22 | 22.0
Invocations    | 2 5 7 8 10 11 14 15 17 19 21 22 24 27 | 27.0
Evocations     | 2 4 5 |  5.0
Shields        | 4 9 15 | 15.0
Stealth        | 5 7 |  7.0

Action                   |  1- 3 |  4- 6 |  7- 9 | 10-12 | 13-15 | 16-18 | 19-21 | 22-24 | 25-27 || total
-------------------------+-------+-------+-------+-------+-------+-------+-------+-------+-------++-------
Melee: Whip              |    93 |   193 |    28 |       |       |       |       |       |       ||   314
       Hand axe          |       |       |    53 |    55 |       |       |       |       |       ||   108
       War axe           |       |       |    95 |   306 |   750 |  1115 |   216 |       |       ||  2482
       Battleaxe         |       |       |       |     9 |    13 |       |       |       |       ||    22
       Broad axe         |       |       |       |       |       |       |  1194 |  1221 |  1165 ||  3580
Invok: Convert to Beogh  |       |       |     1 |       |       |       |       |       |       ||     1
       Smiting           |       |       |       |     5 |     9 |     5 |    12 |    16 |    32 ||    79
       Recall Orcish Fol |       |       |       |       |     6 |    10 |     1 |    10 |     7 ||    34
       Stop Recall       |       |       |       |       |       |     5 |     1 |     4 |     2 ||    12
       Give Item to Name |       |       |       |       |       |       |       |     2 |     1 ||     3
       Resurrection      |       |       |       |       |       |       |       |       |     1 ||     1
Evoke: Wand              |       |       |       |    17 |     7 |       |     8 |    49 |     2 ||    83
  Use: Scroll            |       |     8 |     6 |     3 |    15 |     6 |    15 |    27 |    26 ||   106
       Potion            |       |       |     1 |     1 |     5 |     1 |     2 |    19 |    17 ||    46
 Stab: Sleeping          |     6 |     5 |     3 |     4 |    14 |     5 |     4 |       |       ||    41
       Distracted        |       |     1 |     2 |     2 |    14 |    13 |    12 |    36 |    34 ||   114
       Paralysed         |       |       |       |     2 |       |       |       |    18 |       ||    20
       Confused          |       |       |       |       |       |       |     1 |       |       ||     1
Armor: Leather armour    |    31 |    32 |       |       |       |       |       |       |       ||    63
       Ring mail         |       |    67 |    96 |     2 |       |   460 |   368 |       |       ||   993
       Steam dragon scal |       |       |       |    98 |   120 |       |       |       |       ||   218
       Skin              |       |       |       |     4 |       |       |       |       |       ||     4
       Acid dragon scale |       |       |       |       |   117 |    53 |       |       |       ||   170
       Storm dragon scal |       |       |       |       |       |       |   239 |   486 |   505 ||  1230
Dodge: Dodged            |    54 |   137 |   107 |   228 |   512 |   651 |   636 |   362 |   501 ||  3188
Block: Buckler           |       |       |       |       |   116 |   110 |       |       |       ||   226
       Kite shield       |       |       |       |       |       |   720 |  1226 |   785 |  1038 ||  3769
       Reflection        |       |       |       |       |       |     7 |    41 |    18 |    10 ||    76
